 Dungeon Crawl Stone Soup version 0.17.1-3-g152610e (webtiles) character file.

219 Gargoyl the Struggler (level 5, -3/63 HPs)
             Began as a Demonspawn Abyssal Knight on Apr 15, 2016.
             Was an Initiate of Okawaru.
             Killed by divine providence
             ... invoked by an orc priest
              (12 damage)
             ... on level 3 of the Dungeon on Apr 17, 2016.
             The game lasted 00:06:27 (1989 turns).

Gargoyl the Struggler (Demonspawn Abyssal Knight)   Turns: 1989, Time: 00:06:28

Health: -3/63      AC: 22    Str: 14    XL:     5   Next: 63%
Magic:  8/8        EV:  4    Int: 13    God:    Okawaru [......]
Gold:   116        SH:  0    Dex: 12    Spells: 0 memorised, 4 levels left

rFire  + . .     SeeInvis .     a - +1 hand axe
rCold  + . .     Clarity  .     (armour currently unavailable)
rNeg   + + +     SustAt   .     (no shield)
rPois  +         Gourm    .     (helmet currently unavailable)
rElec  +         Spirit   .     (cloak currently unavailable)
rCorr  +         Warding  .     (gloves currently unavailable)
rMut   .         NoTele   +     (boots currently unavailable)
MR     .....                    (no amulet)
Stlth  ++........               (no ring)
                                (no ring)

@: tree-form, resistant, not resistant to hostile enchantments, unstealthy
A: repulsion field 1, powered by pain 1
a: Renounce Religion


You were on level 3 of the Dungeon.
You worshipped Okawaru.
Okawaru was noncommittal.
You were near starving.
You were a tree.
You visited 1 branch of the dungeon, and saw 3 of its levels.
You visited the Abyss 1 time.

You collected 116 gold pieces.

Inventory:

Hand Weapons
 a - a +1 hand axe (weapon)
Missiles
 i - 12 poisoned needles
Armour
 m - a +0 chain mail (melded)
Scrolls
 b - 2 scrolls of remove curse
 j - a scroll of enchant weapon {unknown}
 k - a scroll of identify
Potions
 d - a potion of resistance
 f - a potion of lignification
Comestibles
 c - a bread ration
 g - a meat ration
 h - 7 fruits


   Skills:
 + Level 3.9 Fighting
 + Level 2.4 Axes
 * Level 3.3 Armour
 + Level 1.8 Dodging
 + Level 0.6 Stealth
 + Level 4.0 Invocations


You had 4 spell levels left.
You didn't know any spells.

Dungeon Overview and Level Annotations

Branches:
Dungeon (3/15)

Altars:
Cheibriados
Dithmenos
Kikubaaqudgha
Okawaru
Ru
Trog


Innate Abilities, Weirdness & Mutations

You are surrounded by a mild repulsion field (EV +2).
You sometimes gain a little power by taking damage.


Message History

Drink which item? (? for menu, Esc to quit)
It was a potion of resistance.
You feel protected.
The orc priest hits you but does no damage.
Something hits you but does no damage.
Drink which item? (? for menu, Esc to quit)
It was a potion of flight.
Your roots keep you in place.
The orc priest hits you but does no damage.
Something hits you but does no damage.
You hit the orc priest.
The orc priest is heavily wounded.
You miss something.
The orc priest hits you but does no damage.
Unknown command.
You hit the orc priest.
The orc priest is heavily wounded.
You barely miss something.
The orc priest mumbles some strange prayers to Beogh against you.
Something smites you!
You die...

#...[.# #.....# #.....#
#.....# +.....# #.....#
#.<...# ######
.##.....####<...#
.........g{♣o##.#
.###...#####.##.#######
#... #.##.......# #...
#.########.# #..o
#.####..[..## #..o
#...........# #[..
######.###.## #... #[#
#.# #.###.#


You could see an orc priest and a goblin.

Vanquished Creatures
  Sigmund (D:2)
  2 adders (D:2)
  A worm (D:2)
  4 orcs
  A ball python (D:1)
  5 bats
  3 goblins
  5 hobgoblins (D:1)
  2 jackals (D:1)
  A quokka (D:2)
  A giant newt (D:1)
  5 kobolds
  8 rats
39 creatures vanquished.

Notes
Turn   | Place    | Note
--------------------------------------------------------------
     0 | Abyss:1  | Gargoyl the Demonspawn Abyssal Knight began the quest for the Orb.
     0 | Abyss:1  | Reached XP level 1. HP: 18/18 MP: 2/2
    52 | Abyss:1  | Noticed an ancient zyme
   100 | D:1      | Escaped the Abyss
   356 | D:1      | Gained mutation: You are surrounded by a mild repulsion field (EV +2). [demonic ancestry]
   356 | D:1      | Reached XP level 2. HP: 24/24 MP: 3/3
   359 | D:1      | Reached * piety under Lugonu
   972 | D:2      | Found a shadowy altar of Dithmenos.
  1040 | D:2      | Noticed Sigmund
  1050 | D:2      | Reached skill level 1 in Dodging
  1050 | D:2      | Reached XP level 3. HP: 16/29 MP: 4/4
  1051 | D:2      | Killed Sigmund
  1051 | D:2      | Reached XP level 4. HP: 19/37 MP: 4/6
  1051 | D:2      | Gained mutation: You sometimes gain a little power by taking damage. [demonic ancestry]
  1051 | D:2      | Reached XP level 5. HP: 21/42 MP: 4/7
  1122 | D:2      | Reached skill level 4 in Invocations
  1405 | D:2      | Found an iron altar of Okawaru.
  1432 | D:2      | Fell from the grace of Lugonu
  1432 | D:2      | Became a worshipper of Warmaster Okawaru
  1579 | D:2      | Found an ancient bone altar of Kikubaaqudgha.
  1591 | D:2      | Found a sacrificial altar of Ru.
  1605 | D:2      | Found a snail-covered altar of Cheibriados.
  1608 | D:2      | Found a bloodstained altar of Trog.
  1989 | D:3      | Killed from afar by an orc priest

Action                   |  1- 3 |  4- 6 || total
-------------------------+-------+-------++-------
Melee: Hand axe          |    67 |    71 ||   138
Invok: Depart the Abyss  |     1 |       ||     1
  Use: Potion            |     1 |     3 ||     4
       Scroll            |     1 |     1 ||     2
  Eat: Chunk             |       |     2 ||     2
